Bruins vs Lightning

Created - Sunday, April 12, 2015 at 01:34

Goals
1 2 3 T
Bruins 1 0 2 3
Lightning 0 1 0 1
Shots
1 2 3 T
Bruins 20 1 9 30
Lightning 5 13 14 32

1st period

1. Bruins , Anze Kopitar 45 (Joe Pavelski) at 15:47

Penalties :
Michael Stone (TB ) for Hooking (Minor) at 11:57, Dave Bolland (TB ) for Tripping (Minor) at 18:09, Roman Polak (TB ) for Tripping (Minor) at 18:28

2nd period

2. Lightning , Marc Methot 5 (Michael Stone, Nikolai Kulemin) at 1:06

Penalties :
Matt Calvert (TB ) for Holding (Minor) at 1:40, Derek MacKenzie (TB ) for Roughing (Minor) at 11:45, Alex Chiasson (TB ) for Hooking (Minor) at 18:44

3rd period

3. Bruins , Marian Hossa 39 (Joe Pavelski, Anze Kopitar) at 0:08 (PP)
4. Bruins , Matt Duchene 53 (Claude Giroux, Jeff Petry) at 17:19

Penalties :
Joe Pavelski (Bos) for Slashing (Minor) at 4:30, Troy Brouwer (Bos) for Tripping (Minor) at 11:44

Goalie Stats

Semyon Varlamov (Bos), 30 saves from 31 shots - (0.968), W, 40-27-6, 53:00 minutes
Cam Talbot (Bos), 1 saves from 1 shots - (1.000), 7:00 minutes
Ben Scrivens (TB ), 27 saves from 30 shots - (0.900), L, 12-4-0, 60:00 minutes

Players Stats for Bruins

Player Name              G  A  P  +/- PIM S  H  SB GA TA FO     MP     PP MP  PK MP  
------------------------------------------------------------------------------------
Anze Kopitar             1  1  2   1  0   2  3  1  3  0  16/22  21:07   5:21   0:56 
Brenden Dillon           0  0  0   1  0   1  1  1  0  0  0/0    14:16   0:00   1:52 
Brent Seabrook           0  0  0  -1  0   0  0  0  0  1  0/0    17:29   0:00   2:06 
Claude Giroux            0  1  1   1  0   5  2  0  1  0  7/8    17:19   4:18   0:00 
Jeff Petry               0  1  1   1  0   3  3  2  0  0  0/0    13:52   0:00   1:52 
Joe Pavelski             0  2  2   1  2   3  1  1  3  0  0/2    19:39   5:21   0:00 
Jonas Brodin             0  0  0   1  0   1  1  0  0  1  0/0    20:07   0:00   2:06 
Marian Hossa             1  0  1   1  0   2  3  1  0  0  0/0    19:40   5:21   0:00 
Matt Duchene             1  0  1   1  0   3  1  0  3  0  2/3    17:19   4:18   0:00 
Nate Guenin              0  0  0   0  0   1  1  1  0  0  0/0     6:16   0:00   0:00 
Nick Holden              0  0  0   1  0   1  0  2  0  1  0/0    12:12   0:01   0:00 
Paul Stastny             0  0  0  -1  0   1  0  0  1  0  2/7    16:34   3:54   0:00 
Ryan Smyth               0  0  0   0  0   1  0  1  0  0  0/0    10:28   0:00   0:56 
Shea Weber               0  0  0  -1  0   1  4  2  0  0  0/0    25:02   9:38   0:00 
T.J. Oshie               0  0  0  -1  0   4  3  1  4  1  1/3    21:48   5:45   0:00 
Tommy Wingels            0  0  0  -1  0   0  0  1  0  1  0/1    14:42   0:00   3:02 
Troy Brouwer             0  0  0   1  2   0  2  0  1  1  0/0    18:12   4:18   0:00 
Zemgus Girgensons        0  0  0   0  0   1  0  0  0  1  1/5     9:53   0:00   3:02 

Players Stats for Lightning

Player Name              G  A  P  +/- PIM S  H  SB GA TA FO     MP     PP MP  PK MP  
------------------------------------------------------------------------------------
Alex Chiasson            0  0  0   0  2   1  2  0  1  0  0/0    15:20   2:18   0:00 
Dave Bolland             0  0  0   0  2   0  2  0  1  0  4/7    13:37   1:40   0:07 
Derek MacKenzie          0  0  0   0  2   2  5  0  1  0  3/6    14:04   0:00   4:06 
Erik Condra              0  0  0  -1  0   3  2  1  2  1  0/1    15:48   0:00   4:10 
Jiri Tlusty              0  0  0   0  0   2  0  0  0  0  0/0    13:31   1:40   0:00 
John Mitchell            0  0  0  -1  0   2  3  1  0  1  8/18   18:28   1:40   4:21 
Marc Methot              1  0  1   0  0   1  1  3  0  1  0/0    22:49   1:32   5:29 
Matt Calvert             0  0  0  -1  2   0  1  0  2  0  0/1    11:26   0:00   0:00 
Mattias Ekholm           0  0  0   0  0   0  1  3  0  0  0/0    15:51   0:00   0:00 
Michael Stone            0  1  1   0  2   1  2  0  2  1  0/0    20:25   1:32   2:55 
Nikolai Kulemin          0  1  1   0  0   3  2  0  1  0  1/2    16:38   0:00   4:00 
Ondrej Palat             0  0  0   0  0   4  0  0  1  0  1/4    15:21   2:18   0:00 
Roman Polak              0  0  0   0  2   1  0  4  0  1  0/0    20:16   0:00   4:09 
Ryan Nugent-Hopkins      0  0  0   0  0   4  0  0  0  0  5/12   16:15   2:18   0:54 
Ryan Suter               0  0  0  -1  0   2  0  1  1  1  0/0    22:54   2:26   5:45 
Shawn Matthias           0  0  0   0  0   2  1  0  0  0  0/0     8:55   0:00   0:00 
Travis Moen              0  0  0   0  0   2  1  1  0  0  0/0     8:55   0:00   0:00 
Tyson Barrie             0  0  0  -1  0   2  1  0  3  1  0/0    17:57   2:26   0:59 

3 Stars

1 - Anze Kopitar (Bos)
2 - Semyon Varlamov (Bos)
3 - Marian Hossa (Bos)

Power Play

Bruins - 1 on 6 Attempt(s) - 16.67%
Lightning - 0 on 2 Attempt(s) - 0.00%

Penalty Kill

Bruins - 2 on 2 Attempt(s) - 100.00% - Score 0 goal in Penalty Kill
Lightning - 5 on 6 Attempt(s) - 83.33% - Score 0 goal in Penalty Kill

Team Stat

Bruins - Hits : 25 - Faceoff Wins : 29 - Blocked Shots : 14 - Penalty Minutes : 4
Lightning - Hits : 24 - Faceoff Wins : 22 - Blocked Shots : 14 - Penalty Minutes : 12

Official

Referees : Unknown
Linesman : Unknown

Game Notes

Cam Talbot is injured at 7:00 of 1st period (Fractured Bone in Right Hand)
Semyon Varlamov enters game at 7:00 of 1st period

Finance

Level 1 -- Attendance: 6000 (100.00%) -- Ticket Income $450,000
Level 2 -- Attendance: 4385 (87.70%) -- Ticket Income $219,250
Level 3 -- Attendance: 1766 (88.30%) -- Ticket Income $52,980
Level 4 -- Attendance: 4000 (100.00%) -- Ticket Income $60,000
Luxury Box -- Attendance: 1000 (100.00%) -- Ticket Income $175,000
Game was played at the St. Pete Times Forum'
Total Attendance: 17151 (95.28%)
Total Ticket Income: $957,230
Other Income: $469,043
Total Income: $1,426,273

Bruins

5 vs 5 Forward 
   Center                   Left Wing                Right Wing               Time % Phy DF OF 
 1 Anze Kopitar             Joe Pavelski             Marian Hossa             35     1   2  2  
 2 Claude Giroux            Matt Duchene             Troy Brouwer             30     1   2  2  
 3 Paul Stastny             Tommy Wingels            T.J. Oshie               25     1   2  2  
 4 Zemgus Girgensons        Ryan Smyth               T.J. Oshie               10     1   2  2  

5 vs 5 Defense 
   Defense                  Defense                                           Time % Phy DF OF 
 1 Shea Weber               Brent Seabrook                                    40     1   2  2  
 2 Jeff Petry               Jonas Brodin                                      30     1   2  2  
 3 Brenden Dillon           Nick Holden                                       25     1   2  2  
 4 Nate Guenin              Jonas Brodin                                      5      1   2  2  

PowerPlay Forward 
   Center                   Left Wing                Right Wing               Time % Phy DF OF 
 1 Anze Kopitar             Joe Pavelski             Marian Hossa             60     1   0  4  
 2 Claude Giroux            Matt Duchene             Troy Brouwer             40     1   0  4  

PowerPlay Defense
   Defense                  Defense                                           Time % Phy DF OF 
 1 Shea Weber               T.J. Oshie                                        60     1   1  3  
 2 Shea Weber               Paul Stastny                                      40     1   1  3  

Penalty Kill 4 Players Forward 
   Center                   Wing                     Time % Phy DF OF 
 1 Zemgus Girgensons        Tommy Wingels            60     1   3  1  
 2 Ryan Smyth               Troy Brouwer             40     1   3  1  

Penalty Kill 4 Players Defense
   Defense                  Defense                  Time % Phy DF OF 
 1 Brent Seabrook           Jonas Brodin             60     1   4  0  
 2 Brenden Dillon           Jeff Petry               40     1   4  0  

Penalty Kill - 3 Players Forward 
   Forward                                           Time % Phy DF OF 
 1 Zemgus Girgensons                                 60     1   4  0  
 2 Ryan Smyth                                        40     1   4  0  

Penalty Kill - 3 Players Defense
   Defense                  Defense                  Time % Phy DF OF 
 1 Jonas Brodin             Brent Seabrook           60     1   4  0  
 2 Brenden Dillon           Jeff Petry               40     1   4  0  

4 vs 4 Forward 
   Center                   Wing                     Time % Phy DF OF 
 1 Anze Kopitar             Joe Pavelski             60     1   2  2  
 2 Claude Giroux            Matt Duchene             40     1   2  2  

4 vs 4 Defense
   Defense                  Defense                  Time % Phy DF OF 
 1 Shea Weber               Brent Seabrook           60     1   2  2  
 2 Jeff Petry               Jonas Brodin             40     1   2  2  

Last Minutes Offensive
   Center                   Left Wing                Right Wing               Defense                  Defense                  
   Anze Kopitar             Joe Pavelski             Marian Hossa             Shea Weber               Brent Seabrook           

Last Minutes Defensive
   Center                   Left Wing                Right Wing               Defense                  Defense                  
   Anze Kopitar             Joe Pavelski             Marian Hossa             Shea Weber               Brent Seabrook           

Goaltenders
Starting : Cam Talbot               
Backup : Semyon Varlamov          

Extra Forwards
Normal : T.J. Oshie, Ryan Smyth, Zemgus Girgensons - PP : Paul Stastny, T.J. Oshie - PK : Anze Kopitar
Extra Defensemen
Normal : Brent Seabrook, Jonas Brodin, Nate Guenin - PP : Nick Holden - PK : Nate Guenin, Nick Holden
Penalty Shots
T.J. Oshie, Claude Giroux, Anze Kopitar, Joe Pavelski, Matt Duchene

Lightning

5 vs 5 Forward 
   Center                   Left Wing                Right Wing               Time % Phy DF OF 
 1 Ryan Nugent-Hopkins      Ondrej Palat             Alex Chiasson            30     0   2  3  
 2 Dave Bolland             Jiri Tlusty              Nikolai Kulemin          30     1   2  2  
 3 John Mitchell            Matt Calvert             Erik Condra              25     1   3  1  
 4 Derek MacKenzie          Shawn Matthias           Travis Moen              15     1   3  1  

5 vs 5 Defense 
   Defense                  Defense                                           Time % Phy DF OF 
 1 Ryan Suter               Tyson Barrie                                      34     1   2  2  
 2 Marc Methot              Michael Stone                                     33     1   2  2  
 3 Roman Polak              Mattias Ekholm                                    33     1   2  2  
 4 Ryan Suter               Tyson Barrie                                      0      1   2  2  

PowerPlay Forward 
   Center                   Left Wing                Right Wing               Time % Phy DF OF 
 1 Ryan Nugent-Hopkins      Ondrej Palat             Alex Chiasson            50     0   1  4  
 2 Dave Bolland             Jiri Tlusty              John Mitchell            50     0   1  4  

PowerPlay Defense
   Defense                  Defense                                           Time % Phy DF OF 
 1 Ryan Suter               Tyson Barrie                                      60     1   2  2  
 2 Marc Methot              Michael Stone                                     40     1   2  2  

Penalty Kill 4 Players Forward 
   Center                   Wing                     Time % Phy DF OF 
 1 John Mitchell            Nikolai Kulemin          50     1   4  0  
 2 Derek MacKenzie          Erik Condra              50     1   4  0  

Penalty Kill 4 Players Defense
   Defense                  Defense                  Time % Phy DF OF 
 1 Marc Methot              Michael Stone            50     1   4  0  
 2 Ryan Suter               Roman Polak              50     1   4  0  

Penalty Kill - 3 Players Forward 
   Forward                                           Time % Phy DF OF 
 1 John Mitchell                                     50     1   4  0  
 2 Derek MacKenzie                                   50     1   4  0  

Penalty Kill - 3 Players Defense
   Defense                  Defense                  Time % Phy DF OF 
 1 Marc Methot              Michael Stone            50     1   4  0  
 2 Ryan Suter               Roman Polak              50     1   4  0  

4 vs 4 Forward 
   Center                   Wing                     Time % Phy DF OF 
 1 Ryan Nugent-Hopkins      Alex Chiasson            50     0   2  3  
 2 Dave Bolland             Ondrej Palat             50     0   2  3  

4 vs 4 Defense
   Defense                  Defense                  Time % Phy DF OF 
 1 Ryan Suter               Tyson Barrie             60     1   2  2  
 2 Marc Methot              Michael Stone            40     1   2  2  

Last Minutes Offensive
   Center                   Left Wing                Right Wing               Defense                  Defense                  
   Derek MacKenzie          Ondrej Palat             Alex Chiasson            Ryan Suter               Tyson Barrie             

Last Minutes Defensive
   Center                   Left Wing                Right Wing               Defense                  Defense                  
   John Mitchell            Travis Moen              Nikolai Kulemin          Ryan Suter               Marc Methot              

Goaltenders
Starting : Ben Scrivens             
Backup : Carey Price              

Extra Forwards
Normal : Ondrej Palat, Ryan Nugent-Hopkins, Alex Chiasson - PP : Ondrej Palat, Ryan Nugent-Hopkins - PK : Nikolai Kulemin
Extra Defensemen
Normal : Ryan Suter, Tyson Barrie, Marc Methot - PP : Ryan Suter - PK : Ryan Suter, Marc Methot
Penalty Shots
Nikolai Kulemin, Ryan Nugent-Hopkins, Ondrej Palat, Jiri Tlusty, Alex Chiasson

% Time on Ice - Bruins

Lines # - Real PCT - Wanted PCT - Time Play
Normal Forward
1 - 31% - 35% - 14:19
2 - 29% - 30% - 13:32
3 - 25% - 25% - 11:40
4 - 15% - 10% - 6:52
Normal Defense
1 - 33% - 40% - 15:29
2 - 28% - 30% - 13:00
3 - 25% - 25% - 11:38
4 - 14% - 5% - 6:16
PP Forward
1 - 55% - 60% - 5:21
2 - 45% - 40% - 4:18
PP Defense
1 - 60% - 60% - 5:45
2 - 40% - 40% - 3:54
PK Forward
1 - 89% - 60% - 3:32
2 - 11% - 40% - 0:26
PK Defense
1 - 53% - 60% - 2:06
2 - 47% - 40% - 1:52
PK3 Forward
1 - 0% - 60%
2 - 0% - 40%
PK3 Defense
1 - 0% - 60%
2 - 0% - 40%
44 Forward
1 - 0% - 60%
2 - 0% - 40%
44 Defense
1 - 0% - 60%
2 - 0% - 40%
Last Minute Offensive  - 0:00
Last Minute Defensive  - 0:00
Total
Forward - 60:00
Defense - 60:00

% Time on Ice - Lightning

Lines # - Real PCT - Wanted PCT - Time Play
Normal Forward
1 - 30% - 30% - 13:58
2 - 26% - 30% - 12:05
3 - 25% - 25% - 11:25
4 - 19% - 15% - 8:55
Normal Defense
1 - 34% - 34% - 15:47
2 - 32% - 33% - 14:45
3 - 34% - 33% - 15:51
4 - 0% - 0% - 0:00
PP Forward
1 - 58% - 50% - 2:18
2 - 42% - 50% - 1:40
PP Defense
1 - 61% - 60% - 2:26
2 - 39% - 40% - 1:32
PK Forward
1 - 48% - 50% - 3:49
2 - 52% - 50% - 4:10
PK Defense
1 - 48% - 50% - 3:49
2 - 52% - 50% - 4:10
PK3 Forward
1 - 32% - 50% - 0:32
2 - 68% - 50% - 1:08
PK3 Defense
1 - 32% - 50% - 0:32
2 - 68% - 50% - 1:08
44 Forward
1 - 0% - 50%
2 - 0% - 50%
44 Defense
1 - 0% - 60%
2 - 0% - 40%
Last Minute Offensive  - 0:00
Last Minute Defensive  - 0:00
Total
Forward - 60:00
Defense - 60:00

Play by Play

1st period


0:01 of 1st period - Anze Kopitar wins face-off versus Ondrej Palat in neutral zone.
0:45 of 1st period - Icing by Ryan Suter.
0:46 of 1st period - Claude Giroux wins face-off versus Ryan Nugent-Hopkins in Lightning zone.
0:52 of 1st period - Off-side.
0:53 of 1st period - Claude Giroux wins face-off versus Dave Bolland in neutral zone.
1:02 of 1st period - Slapshot by Matt Duchene.
1:02 of 1st period - Deflect By Claude Giroux.
1:02 of 1st period - Stopped by Ben Scrivens without a rebound.
1:03 of 1st period - Dave Bolland wins face-off versus T.J. Oshie in Lightning zone.
1:24 of 1st period - Wrist shot by T.J. Oshie.
1:24 of 1st period - Shot Misses the Net.
1:26 of 1st period - Slapshot by Paul Stastny.
1:26 of 1st period - Shot Misses the Net.
1:28 of 1st period - Wrist shot by Jeff Petry.
1:28 of 1st period - Shot Blocked by Marc Methot.
1:30 of 1st period - Slapshot by Jonas Brodin.
1:30 of 1st period - Shot Misses the Net.
1:32 of 1st period - Slapshot by Jeff Petry.
1:32 of 1st period - Shot Misses the Net.
1:34 of 1st period - Wrist shot by Jeff Petry.
1:34 of 1st period - Stopped by Ben Scrivens without a rebound.
1:35 of 1st period - Claude Giroux wins face-off versus Erik Condra in Lightning zone.
2:07 of 1st period - Wrist shot by Matt Calvert.
2:07 of 1st period - Shot Blocked by Brenden Dillon.
2:09 of 1st period - Snap shot by Mattias Ekholm.
2:09 of 1st period - Shot Misses the Net.
2:11 of 1st period - Wrist shot by Erik Condra.
2:11 of 1st period - Stopped by Cam Talbot with a rebound.
2:13 of 1st period - Slapshot by Matt Calvert.
2:13 of 1st period - Deflect By John Mitchell.
2:13 of 1st period - Shot Misses the Net.
2:13 of 1st period - Puck is out of play.
2:14 of 1st period - Derek MacKenzie wins face-off versus Zemgus Girgensons in Bruins zone.
3:07 of 1st period - Michael Stone is hit by Joe Pavelski and loses puck.
3:21 of 1st period - Dave Bolland is hit by Anze Kopitar.
3:27 of 1st period - Snap shot by Tyson Barrie.
3:27 of 1st period - Shot Blocked by Marian Hossa.
4:06 of 1st period - Slapshot by Claude Giroux.
4:06 of 1st period - Stopped by Ben Scrivens with a rebound.
4:08 of 1st period - Slapshot by Jonas Brodin.
4:08 of 1st period - Shot Blocked by Roman Polak.
4:27 of 1st period - Off-side.
4:28 of 1st period - John Mitchell wins face-off versus Paul Stastny in neutral zone.
4:33 of 1st period - Wrist shot by Matt Calvert.
4:33 of 1st period - Shot Misses the Net.
4:51 of 1st period - Snap shot by T.J. Oshie.
4:51 of 1st period - Deflect By Paul Stastny.
4:51 of 1st period - Shot Misses the Net.
4:51 of 1st period - Puck is out of play.
4:52 of 1st period - Anze Kopitar wins face-off versus Derek MacKenzie in Lightning zone.
4:53 of 1st period - Wrist shot by Joe Pavelski.
4:53 of 1st period - Shot Hit the Post.
4:55 of 1st period - Slapshot by Nate Guenin.
4:55 of 1st period - Stopped by Ben Scrivens with a rebound.
4:57 of 1st period - Slapshot by Joe Pavelski.
4:57 of 1st period - Shot Misses the Net.
4:59 of 1st period - Snap shot by Marian Hossa.
4:59 of 1st period - Shot Misses the Net.
5:19 of 1st period - Slapshot by Joe Pavelski.
5:19 of 1st period - Shot Misses the Net.
5:21 of 1st period - Snap shot by Jonas Brodin.
5:21 of 1st period - Shot Misses the Net.
5:23 of 1st period - Slapshot by Nate Guenin.
5:23 of 1st period - Shot Misses the Net.
5:25 of 1st period - Slapshot by Marian Hossa.
5:25 of 1st period - Shot Misses the Net.
5:49 of 1st period - Travis Moen is hit by Troy Brouwer and loses puck.
5:56 of 1st period - Wrist shot by Claude Giroux.
5:56 of 1st period - Shot Blocked by Travis Moen.
5:58 of 1st period - Wrist shot by Troy Brouwer.
5:58 of 1st period - Shot Blocked by Roman Polak.
6:08 of 1st period - Brenden Dillon is hit by Travis Moen and loses puck.
6:33 of 1st period - Nick Holden is hit by Dave Bolland.
6:39 of 1st period - Slapshot by Ryan Suter.
6:39 of 1st period - Deflect By Jiri Tlusty.
6:39 of 1st period - Shot Blocked by T.J. Oshie.
6:39 of 1st period - Puck is out of play.
6:40 of 1st period - Zemgus Girgensons wins face-off versus Matt Calvert in Bruins zone.
6:40 of 1st period - Zemgus Girgensons is hit by John Mitchell.
7:00 of 1st period - Wrist shot by Matt Calvert.
7:00 of 1st period - Deflect By John Mitchell.
7:00 of 1st period - Shot Misses the Net.
7:00 of 1st period - Puck is out of play.
7:00 of 1st period - Cam Talbot from Bruins is injured at 7:00 of 1st period (Fractured Bone in Right Hand).
7:00 of 1st period - Semyon Varlamov enters game.
7:01 of 1st period - Anze Kopitar wins face-off versus Ryan Nugent-Hopkins in Bruins zone.
7:08 of 1st period - Backhand shot by Joe Pavelski.
7:08 of 1st period - Shot Misses the Net.
7:19 of 1st period - Slapshot by Jonas Brodin.
7:19 of 1st period - Stopped by Ben Scrivens with a rebound.
7:53 of 1st period - Tyson Barrie is hit by T.J. Oshie and loses puck.
8:18 of 1st period - T.J. Oshie is hit by Tyson Barrie and loses puck.
8:35 of 1st period - Nick Holden is hit by Erik Condra and loses puck.
9:02 of 1st period - Snap shot by Claude Giroux.
9:02 of 1st period - Stopped by Ben Scrivens with a rebound.
9:04 of 1st period - Snap shot by Troy Brouwer.
9:04 of 1st period - Shot Blocked by Ryan Suter.
9:06 of 1st period - Slapshot by Shea Weber.
9:06 of 1st period - Shot Misses the Net.
9:30 of 1st period - Snap shot by Ryan Smyth.
9:30 of 1st period - Stopped by Ben Scrivens with a rebound.
9:32 of 1st period - Snap shot by Zemgus Girgensons.
9:32 of 1st period - Shot Blocked by Erik Condra.
9:34 of 1st period - Slapshot by Nick Holden.
9:34 of 1st period - Stopped by Ben Scrivens without a rebound.
9:35 of 1st period - Anze Kopitar wins face-off versus Ryan Nugent-Hopkins in Lightning zone.
9:46 of 1st period - Snap shot by Ryan Nugent-Hopkins.
9:46 of 1st period - Shot Misses the Net.
9:48 of 1st period - Slapshot by Michael Stone.
9:48 of 1st period - Deflect By Ryan Nugent-Hopkins.
9:48 of 1st period - Shot Misses the Net.
9:48 of 1st period - Puck is out of play.
9:49 of 1st period - Anze Kopitar wins face-off versus Ondrej Palat in Bruins zone.
9:49 of 1st period - Anze Kopitar is hit by Michael Stone.
10:09 of 1st period - Snap shot by Alex Chiasson.
10:09 of 1st period - Shot Blocked by Anze Kopitar.
10:11 of 1st period - Wrist shot by Ryan Nugent-Hopkins.
10:11 of 1st period - Stopped by Semyon Varlamov with a rebound.
10:13 of 1st period - Wrist shot by Ryan Nugent-Hopkins.
10:13 of 1st period - Stopped by Semyon Varlamov with a rebound.
10:15 of 1st period - Wrist shot by Ryan Nugent-Hopkins.
10:15 of 1st period - Shot Blocked by Joe Pavelski.
11:21 of 1st period - Snap shot by Paul Stastny.
11:21 of 1st period - Stopped by Ben Scrivens with a rebound.
11:23 of 1st period - Snap shot by Paul Stastny.
11:23 of 1st period - Shot Misses the Net.
11:57 of 1st period - Minor Penalty to Michael Stone for Hooking.
11:58 of 1st period - John Mitchell wins face-off versus Anze Kopitar in Lightning zone.
12:23 of 1st period - Erik Condra is hit by Marian Hossa and loses puck.
12:34 of 1st period - Snap shot by Erik Condra.
12:34 of 1st period - Stopped by Semyon Varlamov without a rebound.
12:35 of 1st period - Derek MacKenzie wins face-off versus Claude Giroux in Bruins zone.
12:36 of 1st period - Wrist shot by Erik Condra.
12:36 of 1st period - Shot Misses the Net.
13:22 of 1st period - Shea Weber is hit by Nikolai Kulemin and loses puck.
13:33 of 1st period - Erik Condra is hit by T.J. Oshie and loses puck.
13:46 of 1st period - Slapshot by Ryan Suter.
13:46 of 1st period - Deflect By Erik Condra.
13:46 of 1st period - Stopped by Semyon Varlamov with a rebound.
13:57 of 1st period - Penalty to Michael Stone is over, Michael Stone is back on ice.
14:36 of 1st period - Wrist shot by Marian Hossa.
14:36 of 1st period - Stopped by Ben Scrivens with a rebound.
14:38 of 1st period - Slapshot by Jeff Petry.
14:38 of 1st period - Stopped by Ben Scrivens with a rebound.
14:40 of 1st period - Slapshot by Jonas Brodin.
14:40 of 1st period - Shot Blocked by Roman Polak.
14:42 of 1st period - Slapshot by Jonas Brodin.
14:42 of 1st period - Shot Misses the Net.
14:44 of 1st period - Slapshot by Jeff Petry.
14:44 of 1st period - Shot Blocked by Mattias Ekholm.
14:46 of 1st period - Wrist shot by Jeff Petry.
14:46 of 1st period - Stopped by Ben Scrivens without a rebound.
14:47 of 1st period - Nikolai Kulemin wins face-off versus Joe Pavelski in Lightning zone.
15:04 of 1st period - Slapshot by Dave Bolland.
15:04 of 1st period - Shot Blocked by Jeff Petry.
15:28 of 1st period - Snap shot by Zemgus Girgensons.
15:28 of 1st period - Deflect By T.J. Oshie.
15:28 of 1st period - Stopped by Ben Scrivens with a rebound.
15:30 of 1st period - Wrist shot by Jonas Brodin.
15:30 of 1st period - Shot Misses the Net.
15:32 of 1st period - Slapshot by Jonas Brodin.
15:32 of 1st period - Deflect By T.J. Oshie.
15:32 of 1st period - Stopped by Ben Scrivens with a rebound.
15:34 of 1st period - Wrist shot by Jonas Brodin.
15:34 of 1st period - Deflect By Zemgus Girgensons.
15:34 of 1st period - Stopped by Ben Scrivens without a rebound.
15:35 of 1st period - John Mitchell wins face-off versus Zemgus Girgensons in Lightning zone.
15:39 of 1st period - Off-side.
15:40 of 1st period - Anze Kopitar wins face-off versus John Mitchell in neutral zone.
15:45 of 1st period - Slapshot by Anze Kopitar.
15:45 of 1st period - Shot Misses the Net.
15:47 of 1st period - Snap shot by Anze Kopitar.
15:47 of 1st period - Goal by Anze Kopitar - Bruins : 1 - Lightning : 0.
15:48 of 1st period - Anze Kopitar wins face-off versus John Mitchell in neutral zone.
15:56 of 1st period - Snap shot by Anze Kopitar.
15:56 of 1st period - Stopped by Ben Scrivens without a rebound.
15:57 of 1st period - Anze Kopitar wins face-off versus John Mitchell in Lightning zone.
15:58 of 1st period - Wrist shot by Joe Pavelski.
15:58 of 1st period - Stopped by Ben Scrivens without a rebound.
15:59 of 1st period - John Mitchell wins face-off versus Joe Pavelski in Lightning zone.
16:14 of 1st period - Roman Polak is hit by Anze Kopitar.
16:51 of 1st period - Mattias Ekholm is hit by Claude Giroux and loses puck.
17:14 of 1st period - Wrist shot by Matt Duchene.
17:14 of 1st period - Deflect By Claude Giroux.
17:14 of 1st period - Shot Blocked by Mattias Ekholm.
17:14 of 1st period - Puck is out of play.
17:15 of 1st period - Dave Bolland wins face-off versus Paul Stastny in Lightning zone.
17:15 of 1st period - Dave Bolland is hit by Nate Guenin.
17:25 of 1st period - Backhand shot by Jiri Tlusty.
17:25 of 1st period - Shot Misses the Net.
18:09 of 1st period - Minor Penalty to Dave Bolland for Tripping.
18:10 of 1st period - Anze Kopitar wins face-off versus Derek MacKenzie in Lightning zone.
18:28 of 1st period - Minor Penalty to Roman Polak for Tripping.
18:29 of 1st period - John Mitchell wins face-off versus Anze Kopitar in Lightning zone.
18:51 of 1st period - Wrist shot by Joe Pavelski.
18:51 of 1st period - Stopped by Ben Scrivens without a rebound.
18:52 of 1st period - John Mitchell wins face-off versus Matt Duchene in Lightning zone.
19:01 of 1st period - Snap shot by Claude Giroux.
19:01 of 1st period - Shot Blocked by Marc Methot.
19:03 of 1st period - Slapshot by Paul Stastny.
19:03 of 1st period - Shot Blocked by Marc Methot.
19:05 of 1st period - Backhand shot by Shea Weber.
19:05 of 1st period - Stopped by Ben Scrivens with a rebound.
19:39 of 1st period - Ryan Suter is hit by Shea Weber and loses puck.
Goals for this period are 1 for Bruins vs 0 for Lightning.
Shots for this period are 20 for Bruins vs 5 for Lightning.

2nd period


0:01 of 2nd period - John Mitchell wins face-off versus Anze Kopitar in neutral zone.
0:09 of 2nd period - Penalty to Dave Bolland is over, Dave Bolland is back on ice.
0:28 of 2nd period - Penalty to Roman Polak is over, Roman Polak is back on ice.
0:32 of 2nd period - Slapshot by John Mitchell.
0:32 of 2nd period - Stopped by Semyon Varlamov without a rebound.
0:33 of 2nd period - Matt Duchene wins face-off versus Ryan Nugent-Hopkins in Bruins zone.
0:46 of 2nd period - Snap shot by Matt Duchene.
0:46 of 2nd period - Shot Misses the Net.
0:48 of 2nd period - Wrist shot by Brenden Dillon.
0:48 of 2nd period - Stopped by Ben Scrivens with a rebound.
0:58 of 2nd period - Wrist shot by Ondrej Palat.
0:58 of 2nd period - Stopped by Semyon Varlamov without a rebound.
0:59 of 2nd period - Dave Bolland wins face-off versus T.J. Oshie in Bruins zone.
1:00 of 2nd period - Snap shot by Jiri Tlusty.
1:00 of 2nd period - Stopped by Semyon Varlamov with a rebound.
1:02 of 2nd period - Snap shot by Nikolai Kulemin.
1:02 of 2nd period - Stopped by Semyon Varlamov with a rebound.
1:04 of 2nd period - Slapshot by Michael Stone.
1:04 of 2nd period - Deflect By Shea Weber.
1:04 of 2nd period - Stopped by Semyon Varlamov with a rebound.
1:06 of 2nd period - Slapshot by Marc Methot.
1:06 of 2nd period - Goal by Marc Methot - Bruins : 1 - Lightning : 1.
1:07 of 2nd period - Anze Kopitar wins face-off versus Ondrej Palat in neutral zone.
1:14 of 2nd period - Snap shot by Joe Pavelski.
1:14 of 2nd period - Shot Misses the Net.
1:30 of 2nd period - Backhand shot by Ryan Nugent-Hopkins.
1:30 of 2nd period - Shot Misses the Net.
1:32 of 2nd period - Snap shot by Ryan Suter.
1:32 of 2nd period - Stopped by Semyon Varlamov without a rebound.
1:33 of 2nd period - John Mitchell wins face-off versus Paul Stastny in Bruins zone.
1:40 of 2nd period - Minor Penalty to Matt Calvert for Holding.
1:41 of 2nd period - Anze Kopitar wins face-off versus John Mitchell in Lightning zone.
2:39 of 2nd period - Erik Condra is hit by Matt Duchene and loses puck.
2:59 of 2nd period - Shea Weber is hit by Derek MacKenzie and loses puck.
3:06 of 2nd period - Shea Weber is hit by Derek MacKenzie and loses puck.
3:40 of 2nd period - Penalty to Matt Calvert is over, Matt Calvert is back on ice.
4:33 of 2nd period - Wrist shot by Jiri Tlusty.
4:33 of 2nd period - Shot Blocked by Nick Holden.
4:35 of 2nd period - Slapshot by Roman Polak.
4:35 of 2nd period - Shot Misses the Net.
4:37 of 2nd period - Slapshot by Roman Polak.
4:37 of 2nd period - Stopped by Semyon Varlamov with a rebound.
5:09 of 2nd period - Troy Brouwer is hit by Shawn Matthias and loses puck.
5:43 of 2nd period - John Mitchell is hit by Jeff Petry and loses puck.
5:58 of 2nd period - Matt Calvert is hit by Troy Brouwer and loses puck.
6:44 of 2nd period - Snap shot by Ryan Nugent-Hopkins.
6:44 of 2nd period - Deflect By Alex Chiasson.
6:44 of 2nd period - Shot Misses the Net.
6:44 of 2nd period - Puck is out of play.
6:45 of 2nd period - T.J. Oshie wins face-off versus Dave Bolland in Bruins zone.
7:08 of 2nd period - Nick Holden is hit by Nikolai Kulemin and loses puck.
8:14 of 2nd period - Brenden Dillon is hit by Derek MacKenzie and loses puck.
9:10 of 2nd period - Snap shot by John Mitchell.
9:10 of 2nd period - Stopped by Semyon Varlamov with a rebound.
9:12 of 2nd period - Slapshot by Tyson Barrie.
9:12 of 2nd period - Deflect By Claude Giroux.
9:12 of 2nd period - Stopped by Semyon Varlamov with a rebound.
9:14 of 2nd period - Snap shot by Erik Condra.
9:14 of 2nd period - Shot Blocked by Nick Holden.
9:37 of 2nd period - Jiri Tlusty is hit by Shea Weber and loses puck.
10:10 of 2nd period - Mattias Ekholm is hit by Marian Hossa and loses puck.
10:27 of 2nd period - Nate Guenin is hit by Mattias Ekholm and loses puck.
10:34 of 2nd period - Roman Polak is hit by Jonas Brodin and loses puck.
11:02 of 2nd period - Marc Methot is hit by Jeff Petry and loses puck.
11:37 of 2nd period - Slapshot by Tyson Barrie.
11:37 of 2nd period - Deflect By Derek MacKenzie.
11:37 of 2nd period - Shot Misses the Net.
11:37 of 2nd period - Puck is out of play.
11:38 of 2nd period - Paul Stastny wins face-off versus Derek MacKenzie in Bruins zone.
11:38 of 2nd period - Paul Stastny is hit by Derek MacKenzie.
11:45 of 2nd period - Minor Penalty to Derek MacKenzie for Roughing.
11:46 of 2nd period - Claude Giroux wins face-off versus John Mitchell in Lightning zone.
12:07 of 2nd period - Wrist shot by Nikolai Kulemin.
12:07 of 2nd period - Stopped by Semyon Varlamov without a rebound.
12:08 of 2nd period - Matt Duchene wins face-off versus Nikolai Kulemin in Bruins zone.
13:28 of 2nd period - Off-side.
13:29 of 2nd period - Anze Kopitar wins face-off versus Ryan Nugent-Hopkins in neutral zone.
13:32 of 2nd period - Marc Methot is hit by Shea Weber and loses puck.
13:45 of 2nd period - Penalty to Derek MacKenzie is over, Derek MacKenzie is back on ice.
15:13 of 2nd period - Joe Pavelski is hit by Alex Chiasson and loses puck.
15:29 of 2nd period - Marian Hossa is hit by Derek MacKenzie and loses puck.
15:40 of 2nd period - Wrist shot by Derek MacKenzie.
15:40 of 2nd period - Stopped by Semyon Varlamov with a rebound.
15:48 of 2nd period - Derek MacKenzie is hit by Brenden Dillon and loses puck.
16:31 of 2nd period - Jonas Brodin is hit by John Mitchell and loses puck.
17:00 of 2nd period - Slapshot by Jiri Tlusty.
17:00 of 2nd period - Shot Blocked by Nate Guenin.
17:02 of 2nd period - Wrist shot by Dave Bolland.
17:02 of 2nd period - Shot Blocked by Ryan Smyth.
17:36 of 2nd period - Snap shot by Ryan Nugent-Hopkins.
17:36 of 2nd period - Stopped by Semyon Varlamov with a rebound.
17:43 of 2nd period - Icing by Nate Guenin.
17:44 of 2nd period - Paul Stastny wins face-off versus John Mitchell in Bruins zone.
17:44 of 2nd period - Paul Stastny is hit by Marc Methot.
17:52 of 2nd period - Jonas Brodin is hit by Matt Calvert and loses puck.
18:44 of 2nd period - Minor Penalty to Alex Chiasson for Hooking.
18:45 of 2nd period - Derek MacKenzie wins face-off versus Anze Kopitar in Lightning zone.
Goals for this period are 0 for Bruins vs 1 for Lightning.
Shots for this period are 1 for Bruins vs 13 for Lightning.

3rd period


0:01 of 3rd period - Anze Kopitar wins face-off versus John Mitchell in neutral zone.
0:06 of 3rd period - Snap shot by Joe Pavelski.
0:06 of 3rd period - Shot Blocked by John Mitchell.
0:08 of 3rd period - Snap shot by Marian Hossa.
0:08 of 3rd period - Goal by Marian Hossa - Bruins : 2 - Lightning : 1.
0:09 of 3rd period - Anze Kopitar wins face-off versus Dave Bolland in neutral zone.
0:55 of 3rd period - Icing by Brent Seabrook.
0:56 of 3rd period - Anze Kopitar wins face-off versus John Mitchell in Bruins zone.
0:56 of 3rd period - Anze Kopitar is hit by Erik Condra.
1:24 of 3rd period - Slapshot by Matt Calvert.
1:24 of 3rd period - Shot Misses the Net.
1:51 of 3rd period - Wrist shot by Ryan Nugent-Hopkins.
1:51 of 3rd period - Deflect By Alex Chiasson.
1:51 of 3rd period - Shot Misses the Net.
1:51 of 3rd period - Puck is out of play.
1:52 of 3rd period - Ryan Nugent-Hopkins wins face-off versus Paul Stastny in Bruins zone.
2:34 of 3rd period - Jonas Brodin is hit by Alex Chiasson and loses puck.
2:47 of 3rd period - Ryan Suter is hit by Jeff Petry and loses puck.
3:05 of 3rd period - Snap shot by Jiri Tlusty.
3:05 of 3rd period - Stopped by Semyon Varlamov without a rebound.
3:06 of 3rd period - Claude Giroux wins face-off versus John Mitchell in Bruins zone.
3:21 of 3rd period - Wrist shot by Matt Duchene.
3:21 of 3rd period - Stopped by Ben Scrivens with a rebound.
3:59 of 3rd period - Wrist shot by Shawn Matthias.
3:59 of 3rd period - Stopped by Semyon Varlamov with a rebound.
4:11 of 3rd period - Roman Polak is hit by Marian Hossa.
4:30 of 3rd period - Minor Penalty to Joe Pavelski for Slashing.
4:31 of 3rd period - Ryan Nugent-Hopkins wins face-off versus Zemgus Girgensons in Bruins zone.
5:49 of 3rd period - Brenden Dillon is hit by John Mitchell and loses puck.
6:30 of 3rd period - Penalty to Joe Pavelski is over, Joe Pavelski is back on ice.
6:57 of 3rd period - Slapshot by Derek MacKenzie.
6:57 of 3rd period - Shot Misses the Net.
7:09 of 3rd period - Wrist shot by Shawn Matthias.
7:09 of 3rd period - Shot Misses the Net.
7:11 of 3rd period - Snap shot by Derek MacKenzie.
7:11 of 3rd period - Shot Blocked by Jeff Petry.
7:13 of 3rd period - Snap shot by Roman Polak.
7:13 of 3rd period - Shot Misses the Net.
7:15 of 3rd period - Wrist shot by Travis Moen.
7:15 of 3rd period - Stopped by Semyon Varlamov without a rebound.
7:16 of 3rd period - Anze Kopitar wins face-off versus John Mitchell in Bruins zone.
7:48 of 3rd period - Slapshot by Joe Pavelski.
7:48 of 3rd period - Stopped by Ben Scrivens with a rebound.
7:58 of 3rd period - Snap shot by T.J. Oshie.
7:58 of 3rd period - Stopped by Ben Scrivens with a rebound.
8:06 of 3rd period - Snap shot by T.J. Oshie.
8:06 of 3rd period - Shot Misses the Net.
8:28 of 3rd period - Snap shot by Claude Giroux.
8:28 of 3rd period - Shot Blocked by Mattias Ekholm.
8:30 of 3rd period - Slapshot by Nate Guenin.
8:30 of 3rd period - Shot Blocked by Roman Polak.
8:32 of 3rd period - Wrist shot by Matt Duchene.
8:32 of 3rd period - Shot Misses the Net.
11:21 of 3rd period - Slapshot by Marc Methot.
11:21 of 3rd period - Deflect By Shawn Matthias.
11:21 of 3rd period - Shot Misses the Net.
11:21 of 3rd period - Puck is out of play.
11:22 of 3rd period - Claude Giroux wins face-off versus Ryan Nugent-Hopkins in Bruins zone.
11:29 of 3rd period - Snap shot by Matt Duchene.
11:29 of 3rd period - Deflect By Claude Giroux.
11:29 of 3rd period - Stopped by Ben Scrivens without a rebound.
11:30 of 3rd period - Claude Giroux wins face-off versus Ryan Nugent-Hopkins in Lightning zone.
11:33 of 3rd period - Snap shot by Matt Duchene.
11:33 of 3rd period - Stopped by Ben Scrivens with a rebound.
11:44 of 3rd period - Minor Penalty to Troy Brouwer for Tripping.
11:45 of 3rd period - Ryan Nugent-Hopkins wins face-off versus Tommy Wingels in Bruins zone.
12:39 of 3rd period - Tommy Wingels is hit by Dave Bolland and loses puck.
13:44 of 3rd period - Penalty to Troy Brouwer is over, Troy Brouwer is back on ice.
14:08 of 3rd period - Travis Moen is hit by Anze Kopitar and loses puck.
14:32 of 3rd period - Slapshot by Derek MacKenzie.
14:32 of 3rd period - Stopped by Semyon Varlamov with a rebound.
15:11 of 3rd period - Michael Stone is hit by Shea Weber and loses puck.
15:50 of 3rd period - Ryan Suter is hit by Claude Giroux and loses puck.
15:55 of 3rd period - Snap shot by Claude Giroux.
15:55 of 3rd period - Stopped by Ben Scrivens with a rebound.
16:27 of 3rd period - Roman Polak is hit by T.J. Oshie.
16:33 of 3rd period - Wrist shot by T.J. Oshie.
16:33 of 3rd period - Stopped by Ben Scrivens without a rebound.
16:34 of 3rd period - Ondrej Palat wins face-off versus Zemgus Girgensons in Lightning zone.
16:59 of 3rd period - Snap shot by Travis Moen.
16:59 of 3rd period - Stopped by Semyon Varlamov with a rebound.
17:01 of 3rd period - Snap shot by Shawn Matthias.
17:01 of 3rd period - Stopped by Semyon Varlamov with a rebound.
17:19 of 3rd period - Wrist shot by Matt Duchene.
17:19 of 3rd period - Goal by Matt Duchene - Bruins : 3 - Lightning : 1.
17:20 of 3rd period - Ryan Nugent-Hopkins wins face-off versus Anze Kopitar in neutral zone.
17:23 of 3rd period - Snap shot by Ondrej Palat.
17:23 of 3rd period - Stopped by Semyon Varlamov without a rebound.
17:24 of 3rd period - Ryan Nugent-Hopkins wins face-off versus Anze Kopitar in Bruins zone.
17:43 of 3rd period - Snap shot by Alex Chiasson.
17:43 of 3rd period - Stopped by Semyon Varlamov without a rebound.
17:44 of 3rd period - Dave Bolland wins face-off versus Paul Stastny in Bruins zone.
17:51 of 3rd period - Wrist shot by Jiri Tlusty.
17:51 of 3rd period - Shot Blocked by Shea Weber.
17:57 of 3rd period - Snap shot by Nikolai Kulemin.
17:57 of 3rd period - Shot Misses the Net.
17:59 of 3rd period - Wrist shot by Michael Stone.
17:59 of 3rd period - Shot Misses the Net.
18:01 of 3rd period - Snap shot by Jiri Tlusty.
18:01 of 3rd period - Shot Blocked by Shea Weber.
18:16 of 3rd period - Snap shot by Nikolai Kulemin.
18:16 of 3rd period - Stopped by Semyon Varlamov with a rebound.
18:42 of 3rd period - Shea Weber is hit by Michael Stone and loses puck.
19:23 of 3rd period - Snap shot by Alex Chiasson.
19:23 of 3rd period - Shot Misses the Net.
19:25 of 3rd period - Slapshot by Roman Polak.
19:25 of 3rd period - Shot Misses the Net.
19:27 of 3rd period - Slapshot by Mattias Ekholm.
19:27 of 3rd period - Shot Blocked by Tommy Wingels.
19:29 of 3rd period - Snap shot by Alex Chiasson.
19:29 of 3rd period - Shot Misses the Net.
19:35 of 3rd period - Wrist shot by Ryan Nugent-Hopkins.
19:35 of 3rd period - Stopped by Semyon Varlamov with a rebound.
19:37 of 3rd period - Slapshot by Ryan Suter.
19:37 of 3rd period - Shot Misses the Net.
19:39 of 3rd period - Snap shot by Ondrej Palat.
19:39 of 3rd period - Stopped by Semyon Varlamov with a rebound.
19:41 of 3rd period - Slapshot by Tyson Barrie.
19:41 of 3rd period - Stopped by Semyon Varlamov with a rebound.
19:43 of 3rd period - Snap shot by Ryan Suter.
19:43 of 3rd period - Stopped by Semyon Varlamov with a rebound.
19:45 of 3rd period - Slapshot by Ondrej Palat.
19:45 of 3rd period - Stopped by Semyon Varlamov with a rebound.
Goals for this period are 2 for Bruins vs 0 for Lightning.
Shots for this period are 9 for Bruins vs 14 for Lightning.


Output by the SimonT Hockey Simulator (STHS) for Eric Dolegowski -- Original Page W3C XHTML 1.0 Valid
Hockey Simulator - Hockey Simulation - Hockey Manager